 Seeded DCSS version 0.29-a0-885-gb26ba3297d (webtiles) character file.

Game seed: 8012214259613432363 (custom seed)

903 mathmaestro the Scholar of Death (level 7, -5/54 HPs)
             Began as a Demonspawn Necromancer on July 20, 2022.
             Was a Follower of Kikubaaqudgha.
             Slain by an iguana (9 damage)
             ... on level 6 of the Dungeon.
             The game lasted 00:16:32 (5770 turns).

mathmaestro the Scholar of Death (DsNe)             Turns: 5770, Time: 00:16:33

Health: -5/54      AC:  4    Str:  8    XL:     7   Next: 80%
Magic:  13/13      EV: 13    Int: 25    God:    Kikubaaqudgha [*.....]
Gold:   268        SH:  0    Dex: 13    Spells: 5/15 levels left

rFire   . . .      SeeInvis +   u - +4 whip
rCold   . . .      Faith    .   (no shield)
rNeg    + + .      Spirit   .   f - +0 leather armour
rPois   .          Reflect  .   (no helmet)
rElec   .          Harm     .   (no cloak)
rCorr   .          Rampage  .   n - +0 pair of gloves
Will    .....                   (boots unavailable)
Stlth   ++........              (no amulet)
HPRegen 0.18/turn               a - ring "Sauczeme" {rN++ Int+6 Slay+2}
MPRegen 0.13/turn               g - ring of see invisible

@: about to teleport
A: hooves 3, repulsion field 1, powered by death 1
a: Renounce Religion, Unearth Wretches


You were on level 6 of the Dungeon.
You worshipped Kikubaaqudgha.
Kikubaaqudgha was aware of your devotion.
You visited 1 branch of the dungeon, and saw 6 of its levels.

You collected 268 gold pieces.

Inventory:

Hand Weapons
 o - a +0 hand axe
 u - a +4 whip (weapon)
Missiles
 r - 3 javelins (quivered)
 t - a throwing net
Armour
 f - a +0 leather armour (worn)
 n - a +0 pair of gloves (worn)
Jewellery
 a - the ring "Sauczeme" (left hand) {rN++ Int+6 Slay+2}
   (You acquired it on level 1 of the Dungeon)

   [ring of intelligence]

   Int:       It affects your intelligence (+6).
   Slay:      It affects your accuracy & damage with ranged weapons and melee
   (+2).
   rN:        It greatly protects you from negative energy.
 c - a ring of magical power
 g - a ring of see invisible (right hand)
Scrolls
 h - a scroll of blinking {unknown}
 i - 2 scrolls of poison {unknown}
 j - a scroll of teleportation
 l - a scroll of fog {unknown}
 q - 3 scrolls of amnesia {unknown}
Potions
 e - a potion of haste
 m - a potion of resistance
 p - 3 potions of mutation


   Skills:
 + Level 4.2 Fighting
 + Level 3.5 Armour
 - Level 2.0 Dodging
 - Level 2.0 Stealth
 + Level 4.5 Spellcasting
 + Level 6.5 Necromancy


You had 5 spell levels left.
You knew the following spells:

 Your Spells              Type           Power      Damage    Failure   Level
a - Necrotise             Necr           100%       1d9       1%          1
b - Vampiric Draining     Necr           38%        2d8       2%          3
c - Animate Dead          Necr           38%        N/A       9%          4
d - Sublimation of Blood  Necr           38%        N/A       1%          2

Your spell library contained the following spells:

 Spells                   Type           Power      Damage    Failure   Level
 Magic Dart               Conj           20%        1d4       12%         1
 Call Imp                 Summ           5%         N/A       19%         2
 Ensorcelled Hibernation  Hex/Ice        10%        N/A       19%         2
 Passwall                 Tmut/Erth      4%         N/A       19%         2
 Poisonous Vapours        Pois/Air       10%        N/A       19%         2
 Agony                    Necr           38%        N/A       22%         5
 Anguish                  Hex/Necr       11%        N/A       32%         4
 Mephitic Cloud           Conj/Pois/Air  5%         N/A       36%         3
 Swiftness                Air            5%         N/A       36%         3
 Corpse Rot               Necr/Pois/Air  16%        N/A       45%         4


Dungeon Overview and Level Annotations

Branches:
Dungeon (6/15)
 Temple: D:4-7

Altars:
Kikubaaqudgha
Nemelex Xobeh

Shops:
D:5 (


Innate Abilities, Weirdness & Mutations

You have hooves in place of feet.
You are surrounded by a mild repulsion field. (EV +2)
You regenerate a little health from kills.


Message History

The bullfrog is heavily wounded.
The bullfrog hits you but does no damage.
The orc hits your adder skeleton with a +0 flail.
Your adder skeleton closely misses the orc.
The bullfrog completely misses you.
You whack the bullfrog! Your kick misses the bullfrog.
The bullfrog is almost dead.
The orc hits your adder skeleton with a +0 flail.
Your adder skeleton is destroyed!
The bullfrog closely misses you.
You closely miss the bullfrog. You kick the bullfrog.
The bullfrog is almost dead.
The bullfrog closely misses you.
The bullfrog hits you but does no damage.
You barely miss the bullfrog. You kick the bullfrog.
You kill the bullfrog!
Kikubaaqudgha accepts your kill.
An orc comes into view. It is wielding a +0 short sword.
The iguana bites you but does no damage.
As you read the scroll of teleportation, it crumbles to dust.
You feel strangely unstable. The iguana barely misses you.
Magic courses through your body.
The orc shouts!
The iguana bites you.
* * * LOW HITPOINT WARNING * * *
It was a potion of attraction.
You feel attractive to monsters. The iguana barely misses you.
It was a potion of cancellation.
You feel strangely stable.
Your magical effects are unravelling.
You feel magically purged. The iguana bites you.
* * * LOW HITPOINT WARNING * * *
You feel less attractive to monsters.
You feel better. The iguana bites you.
* * * LOW HITPOINT WARNING * * *
As you read the scroll of teleportation, it crumbles to dust.
You feel strangely unstable. The iguana bites you!
You die...
Kikubaaqudgha rasps: "You have failed me!
Welcome... death!"

###### #....# #....#
#######....###
#).†.......#@# #####
#.#####....#l#......
#.#####.....o#......
#>..................
#.##########.#######
#.# ..........# #.#
######.....#
#####.#.# #...$...
#.......# #......o..


You could see an orc warrior and an iguana.

Vanquished Creatures
  A black bear (D:4)
  An ogre (D:5)
  A bullfrog (D:6)
  A scorpion (D:5)
  A howler monkey (D:4)
  An orc priest (D:4)
  2 hounds
  Jessica (D:2)
  An iguana (D:5)
  2 orc wizards (D:5)
  6 gnolls
  8 adders
  4 ufetubi
  2 worms (D:4)
  4 dart slugs
  18 orcs
  9 ball pythons
  A bat skeleton (D:2)
  A bat zombie (D:2)
  6 endoplasms
  4 giant cockroaches
  5 goblins
  7 hobgoblins
  2 jackals (D:3)
  4 quokkas
  2 ball python skeletons (D:2)
  6 bats
  4 frilled lizards
  A giant cockroach zombie (D:2)
  7 kobolds
  A quokka skeleton (D:2)
  4 rats
118 creatures vanquished.

Vanquished Creatures (collateral kills)
  An ogre (D:4)
  An adder (D:4)
  A dart slug (D:2)
  A ball python (D:3)
  A goblin (D:3)
  A jackal (D:3)
  2 rats
8 creatures vanquished.

Vanquished Creatures (others)
  A howler monkey zombie (D:4)
  An adder zombie (D:4)
  An endoplasm zombie (D:4)
  2 hobgoblin zombies (D:4)
  5 orc zombies
  A rat zombie (D:3)
11 creatures vanquished.

Grand Total: 137 creatures vanquished

Notes
Turn   | Place    | Note
-------+----------+-------------------------------------------
     0 | D:1      | mathmaestro the Demonspawn Necromancer began the quest for
                  | the Orb.
     0 | D:1      | Reached XP level 1. HP: 13/13 MP: 3/3
   305 | D:1      | Gained mutation: You have large cloven feet. [demonic
                  | ancestry]
   305 | D:1      | Reached XP level 2. HP: 20/20 MP: 0/5
   683 | D:1      | Reached skill level 1 in Fighting
  1022 | D:1      | Gained mutation: You have hoof-like feet. [demonic
                  | ancestry]
  1022 | D:1      | Reached XP level 3. HP: 26/26 MP: 2/6
  1027 | D:1      | Learned a level 3 spell: Vampiric Draining
  1212 | D:1      | Identified a scroll of acquirement
  1212 | D:1      | Acquired the ring "Sauczeme" {rN++ Int+6 Slay+2}
  1392 | D:2      | Noticed Jessica
  1399 | D:2      | Killed Jessica
  1400 | D:2      | Reached skill level 1 in Armour
  1400 | D:2      | Gained mutation: You regenerate a little health from kills.
                  | [demonic ancestry]
  1400 | D:2      | Reached XP level 4. HP: 29/33 MP: 4/8
  1517 | D:2      | You fall into a shaft and drop 2 floors!
  1539 | D:2      | Reached skill level 5 in Necromancy
  1565 | D:2      | Learned a level 4 spell: Animate Dead
  1584 | D:2      | Found a faded altar of an unknown god.
  2033 | D:3      | Found an ancient bone altar of Kikubaaqudgha.
  2039 | D:3      | Became a worshipper of Kikubaaqudgha
  2554 | D:3      | Gained mutation: You are surrounded by a mild repulsion
                  | field. (EV +2) [demonic ancestry]
  2554 | D:3      | Reached XP level 5. HP: 28/38 MP: 0/9
  3311 | D:4      | Noticed an ogre
  3380 | D:4      | Reached * piety under Kikubaaqudgha
  3380 | D:4      | Received a gift from Kikubaaqudgha
  3402 | D:4      | HP: 1/39 [orc/+0 morningstar (8)]
  3930 | D:4      | Reached XP level 6. HP: 44/46 MP: 6/11
  3943 | D:4      | Learned a level 2 spell: Sublimation of Blood
  4175 | D:4      | Found a sparkling altar of Nemelex Xobeh.
  4590 | D:5      | Entered Level 5 of the Dungeon
  4727 | D:5      | Gained mutation: You have hooves in place of feet. [demonic
                  | ancestry]
  4727 | D:5      | Reached XP level 7. HP: 33/52 MP: 12/12
  4863 | D:5      | Reached skill level 6 in Necromancy
  4906 | D:5      | Found Yxta's Weapon Boutique.
  4989 | D:5      | HP: 2/52 [poisoned by a scorpion]
  5624 | D:5      | Identified the +5 quarterstaff of Doom {vorpal, rC- Int+5
                  | Stlth+}
  5768 | D:6      | HP: 1/54 [iguana (4)]
  5770 | D:6      | Slain by an iguana

Illustrated notes

Levels and vault maps discovered:
D:1:      dpeg_arrival_tiny_i, layout_loops_corners, chequers_mini_garden
D:2:      layout_rooms, serial_undead, serial_undead_c, serial_undead_b,
          serial_undead_e, serial_undead_f, serial_undead_e, serial_undead_a,
          hellmonk_ecumenical_altar_crossroads, nicolae_figureground_sparkle,
          uniq_jessica
D:3:      layout_basic, lemuel_tele_altar, lemuel_crystal_altar
D:4:      layout_cave_pools, nemelex_spade_bored_becter,
          cheibrodos_sewer_entry_bend
D:5:      layout_basic, serial_shops, nicolae_shop_behind_doors
D:6:      minmay_chambers_of_sixes, layout_basic, gammafunk_ghost_abyssal_escape

Skill      XL: |  1  2  3  4  5  6  7 |
---------------+----------------------+-----
Stealth        | 2 |  2.0
Dodging        | 2 |  2.0
Fighting       | 1 2 3 4 |  4.2
Armour         | 1 2 3 |  3.5
Necromancy     | 5 6 |  6.5
Spellcasting   | 3 4 |  4.5

Action                   |  1- 3 |  4- 6 |  7- 9 || total
-------------------------+-------+-------+-------++-------
Melee: Dagger            |    22 |    96 |     5 ||   123
       Kick              |     6 |    33 |    14 ||    53
       Whip              |       |       |    63 ||    63
Throw: Javelin           |       |     3 |       ||     3
 Cast: Necrotise         |    46 |    81 |    12 ||   139
       Animate Dead      |       |     2 |       ||     2
       Vampiric Draining |       |     2 |     6 ||     8
  Use: Scroll            |     1 |     7 |     2 ||    10
       Potion            |       |     3 |     6 ||     9
 Stab: Sleeping          |     1 |       |     1 ||     2
       Distracted        |       |     1 |       ||     1
Armor: Robe              |     4 |       |       ||     4
       Leather armour    |     7 |    24 |    24 ||    55
       Skin              |       |       |    13 ||    13
Dodge: Dodged            |    18 |   111 |    88 ||   217

Table legend: (Time is in decaauts)
 A = Elapsed time spent in this place.
 B = Non-inter-level travel time spent in this place.
 C = Inter-level travel time spent in this place.
 D = Time resting spent in this place.
 E = Time spent auto-exploring this place.
 F = Levels seen in this place.
 G = Mean time per level.
                   A        B        C        D        E       F      G
               +--------+--------+--------+--------+--------+-----+--------+
         Total |   5782 |   5496 |    286 |    600 |   3922 |   6 |  963.7 |
       Dungeon |   5782 |   5496 |    286 |    600 |   3922 |   6 |  963.7 |
               +--------+--------+--------+--------+--------+-----+--------+

Top non-repeatable levels by time:
     D:3: 1435 daAuts
     D:1: 1233 daAuts
     D:4: 1169 daAuts
     D:5: 1043 daAuts
     D:2: 780 daAuts
     D:6: 120 daAuts
